 Dungeon Crawl Stone Soup version 0.15.2 (webtiles) character file.

5317 magipi the Cleaver (level 10, -7/53 HPs)
             Began as a Vine Stalker Berserker on Oct 2, 2015.
             Was a High Priest of Trog.
             Killed from afar by an electric eel (12 damage)
             ... with a bolt of electricity
             ... on Level 8 of the Dungeon.
             The game lasted 00:44:42 (5014 turns).

magipi the Cleaver (Vine Stalker Berserker)         Turns: 5014, Time: 00:44:42

HP  -7/53        AC 17     Str 20      XL: 10   Next: 64%
MP   0/13        EV  5     Int  7      God: Trog [*****.]
Gold 983         SH  0     Dex 21      Spells:  0 memorised,  9 levels left

rFire  . . .     SeeInvis .     a - +1 battleaxe
rCold  + . .     Clarity  +     r - +1 plate armour {rN+}
rNeg   + . .     rCorr    .     (no shield)
rPois  .         rRot     +     p - +1 helmet
rElec  .         Spirit   +     M - +1 cloak
SustAb .         Warding  .     (no gloves)
rMut   .         Stasis   .     (no boots)
Gourm  .                        B - amulet of clarity
MR     +....                    y - +4 ring of dexterity
                                c - ring of protection from cold

@: very slightly contaminated, somewhat resistant to hostile enchantments,
extremely unstealthy
A: fangs 3, regeneration 2, magic shield, antimagic bite, no device heal 3, rot
immunity
a: Burn Spellbooks, Berserk, Trog's Hand, Brothers in Arms, Renounce Religion


You were on level 8 of the Dungeon.
You worshipped Trog.
Trog was extremely pleased with you.
You were hungry.

You visited 1 branch of the dungeon, and saw 8 of its levels.
You also visited: Ossuary and Bailey.

You collected 983 gold pieces.

Inventory:

Hand weapons
 a - a +1 battleaxe (weapon)
 v - a +0 war axe
Missiles
 n - 7 curare-tipped needles
 x - 6 javelins of penetration (quivered)
 E - 14 poisoned needles
Armour
 p - a +1 helmet (worn)
 r - a +1 plate armour of positive energy (worn)
 M - a +1 cloak (worn)
Magical devices
 b - a wand of slowing (14)
 s - a wand of teleportation (9)
 D - a wand of paralysis (7)
 J - a wand of invisibility (2)
Comestibles
 j - 8 bread rations
 z - 2 chunks of orc flesh
 K - 6 meat rations
Scrolls
 e - 3 scrolls of identify
 h - a scroll of immolation
 i - 2 scrolls of enchant armour
 k - 2 scrolls of remove curse
 l - 3 scrolls of recharging
 q - a scroll of noise
 F - 2 scrolls of fog
Jewellery
 c - a ring of protection from cold (left hand)
 o - a cursed ring of fire
 u - an uncursed amulet of resist mutation
 y - a +4 ring of dexterity (right hand)
 B - an amulet of clarity (around neck)
Potions
 d - 2 potions of restore abilities
 f - 2 potions of cancellation
 g - a potion of berserk rage
 t - 2 potions of agility
 w - a potion of brilliance
 A - 4 potions of curing
 C - a potion of cure mutation
Books
 N - a book of Frost

   Spells                             Type                      Level
   Freeze                             Ice                          1
   Throw Frost                        Conjuration/Ice              2
   Ozocubu's Armour                   Charms/Ice                   3
   Throw Icicle                       Conjuration/Ice              4
   Summon Ice Beast                   Ice/Summoning                4
   Condensation Shield                Ice                          4
   Trog disapproves of the use of such an item.


   Skills:
 + Level 5.7 Fighting
 - Level 12.3 Axes
 + Level 4.7 Armour
 - Level 1.5 Dodging


You had 9 spell levels left.
You didn't know any spells.

Dungeon Overview and Level Annotations

Branches:
Dungeon (8/15)               Lair (0/8) D:8
 Temple: D:4-7

Altars:
Dithmenos
Kikubaaqudgha
Okawaru
Yredelemnul

Annotations:
D:5 Prince Ribbit


Innate Abilities, Weirdness & Mutations

You have razor-sharp teeth.
You heal very quickly.
When hurt, damage is shared between your health and your magic reserves.
Your bite disrupts and absorbs the magic of your enemies.
Potions and wands cannot restore your health.
You are immune to rotting.

Vault maps used:
D:1:      lemuel_arrival_muddy
D:2:      first_bread, yredelemnul_altar_generic, uniq_sigmund
D:5:      basic_altar, uniq_prince_ribbit1, uniq_edmund
D:6:      serial_park_square1, gup_ossuary_entry_pyramid, corexii_shack,
          uniq_iyjb
D:7:      minmay_temple_entry_from_below_a, basic_altar, enter_bailey_3,
          grunt_ogre_cave
D:8:      erik_lair_island
Ossuary:  ossuary_minmay_scorpions
Bailey:   bailey_axe_3, bailey


Message History

You bite the orc warrior, but do no damage.
The orc warrior is almost dead.
You closely miss the orc. The orc warrior barely misses you.
The orc hits you with a hand axe.
You barely miss the orc warrior. Your bite misses the orc warrior.
The orc warrior is almost dead.
You strike the helpless electric eel from behind!
You hit the electric eel.
The electric eel is moderately wounded.
You hit the orc.
The orc is heavily wounded.
The orc warrior hits you with a dire flail!
The orc barely misses you.
You closely miss the orc.
The orc is heavily wounded.
You catch the helpless electric eel completely off-guard!
You slash the electric eel!
The electric eel is severely wounded.
You closely miss the orc warrior. Your bite misses the orc warrior.
The orc warrior is almost dead.
The orc shouts!
The orc priest shouts!
The orc warrior hits you but does no damage.
The orc priest shouts!
Unknown command.
You slash the orc priest! Your bite misses the orc priest.
The orc priest is heavily wounded.
You catch the helpless orc warrior completely off-guard!
You slash the orc warrior!
You kill the orc warrior!
Trog accepts your kill.
The orc priest hits you but does no damage.
You miss the orc priest.
You bite the orc priest, but do no damage.
The orc priest is heavily wounded.
You miss the orc.
The orc is heavily wounded.
You flicker back into view.
The electric eel shoots out a bolt of electricity!
The bolt of electricity misses you.
The orc priest hits you but does no damage.
The orc hits you but does no damage.
Unknown command.
You hit the orc priest.
You bite the orc priest, but do no damage.
The orc priest is almost dead.
You hit the orc.
The orc is severely wounded.
The orc priest hits you but does no damage.
The orc barely misses you.
You closely miss the orc.
The orc is severely wounded.
You hit the orc priest.
You kill the orc priest!
Trog accepts your kill.
You hit the orc.
The orc is heavily wounded.
The orc hits you with a morningstar.
The electric eel shoots out a bolt of electricity!
The bolt of electricity hits you!
Your plate armour prevents you from hitting the orc.
Your bite misses the orc.
The orc is heavily wounded.
You hit the orc.
The orc is almost dead.
The orc hits you but does no damage. The orc barely misses you.
The electric eel shoots out a bolt of electricity!
The bolt of electricity hits you! The orc closely misses you.
The electric eel shoots out a bolt of electricity!
The bolt of electricity hits the orc.
The orc dies!
The bolt of electricity hits you!
* * * LOW HITPOINT WARNING * * *
The bolt of electricity hits the orc.
The orc dies!
Things that are here:
a short sword; a ring mail Unknown command.
The electric eel shoots out a bolt of electricity!
The bolt of electricity hits you!
* * * LOW HITPOINT WARNING * * *
Items here: $ %% )) [ Read which item? (? for menu, Esc to quit)
Okay, then.
Evoke which item? (* to show all) (? for menu, Esc to quit)
Zapping:
D - a wand of paralysis {zapped: 3}
Press: ? - help, Shift-Dir - straight line, f - electric eel
Aim: an electric eel (water, severely wounded)
The electric eel resists with significant effort.
The electric eel shoots out a bolt of electricity!
The bolt of electricity hits you!
* * * LOW HITPOINT WARNING * * *
Evoke which item? (* to show all) (? for menu, Esc to quit)
Zapping:
D - a wand of paralysis {zapped: 4}
Press: ? - help, Shift-Dir - straight line, f/p - electric eel
Aim: an electric eel (water, severely wounded)
The electric eel resists with significant effort.
The electric eel shoots out a bolt of electricity!
The bolt of electricity hits you!
You die...

D..(.#...####'##.#....#.# .
...........#...##.#....#..
........(..#...##.#....#.#
≈...≈......#...##.#....#.# #
≈.≈≈.≈....#...##.'....'.. +
≈≈≈.≈.≈≈......##'#....#.## #
≈≈≈≈≈≈≈...##'##....#'##.##.#
≈≈≈≈≈≈.......#....'........
≈.≈.≈(≈%))@..'....#........
....≈;≈..##'##..).#....##..
>.≈.≈≈≈.#...#....#'##.##..
....≈≈..'...##+#....#..#..
...≈≈≈..#......'....'..'.. .≈
≈.≈.≈≈≈..#......#....#..#..
..≈≈≈≈...≈≈≈...##'###+#....# ####
..≈≈.≈≈.≈≈≈≈.............#######.
.≈..≈≈≈.≈≈≈≈≈............'.....'.


You could see an electric eel.

Table legend:
 A = Kills in this place as a percentage of kills in entire the game.
 B = Kills by you in this place as a percentage of kills by you in the entire game.
 C = Kills by friends in this place as a percentage of kills by friends in the entire game.
 D = Other kills in this place as a percentage of other kills in the entire game.
 E = Experience gained in this place as a percentage of experience gained in the entire game.
 F = Experience gained in this place divided by the number of levels of this place that you have seen.
                   A       B       C       D       E      F
               +-------+-------+-------+-------+-------+----------------------
         Total | 100.0 | 100.0 |  -nan | 100.0 | 100.0 | 759.7
       Dungeon |  82.5 |  82.4 |  -nan | 100.0 |  78.3 | 743.1
       Ossuary |  10.3 |  10.4 |  -nan |   0.0 |  10.2 | 776.0
        Bailey |   7.2 |   7.2 |  -nan |   0.0 |  11.5 | 876.0
               +-------+-------+-------+-------+-------+----------------------

Vanquished Creatures
  The ghost of magipi the Cleaver, an experienced VSBe of Trog (Bailey)
  A troll (D:8)
  A hill giant skeleton (D:8)
  Edmund (D:5)
  A water moccasin (D:5)
  3 wolves (D:8)
  The ghost of magipi the Chopper, an average VSBe of Trog (D:6)
  6 orc warriors
  A black bear (D:8)
  A sky beast (D:6)
  3 centaurs
  5 ogres
  The ghost of magipi the Chopper, an average GrGl (D:4)
  2 giant frogs (D:6)
  11 scorpions
  5 wights (D:7)
  5 killer bees (D:8)
  A quasit (D:7)
  2 electric eels (D:8)
  A hippogriff skeleton (D:8)
  A giant frog zombie (D:7)
  A centaur zombie (Ossuary)
  3 crimson imps
  A goliath beetle (D:6)
  4 human zombies (Ossuary)
  5 orc priests
  7 hounds
  A gnoll shaman (D:4)
  An iguana (D:6)
  4 orc wizards
  An ogre zombie (D:8)
  4 worker ants
  Ijyb (D:6)
  An ogre skeleton (D:8)
  3 mummies (Ossuary)
  2 hound skeletons
  2 scorpion zombies (Ossuary)
  7 gnolls
  3 adders
  A worm (D:5)
  An adder skeleton (D:5)
  5 giant geckos
  2 oozes
  27 orcs
  3 ball pythons
  6 giant cockroaches
  12 hobgoblins
  2 jackals
  18 kobolds
  3 quokkas
  5 bats
  A giant gecko skeleton (D:6)
  4 giant newts
  A giant spore (D:8)
  A gnoll zombie (Ossuary)
  13 goblins
  3 goblin zombies (Ossuary)
  A hobgoblin skeleton (D:8)
  A kobold zombie (Ossuary)
  An orc zombie (Ossuary)
  5 rats
  2 ballistomycetes (D:8)
223 creatures vanquished.

Vanquished Creatures (others)
  2 orcs (D:8)
  A giant spore (D:8)
3 creatures vanquished.

Grand Total: 226 creatures vanquished

Notes
Turn   | Place    | Note
--------------------------------------------------------------
     0 | D:1      | magipi, the Vine Stalker Berserker, began the quest for the Orb.
     0 | D:1      | Reached XP level 1. HP: 11/11 MP: 1/1
   189 | D:1      | Reached skill level 3 in Axes
   215 | D:1      | Reached XP level 2. HP: 16/16 MP: 0/3
   310 | D:2      | Found a basalt altar of Yredelemnul.
   685 | D:2      | Reached XP level 3. HP: 17/19 MP: 4/4
   708 | D:2      | Acquired Trog's second power
   738 | D:2      | Reached skill level 4 in Axes
   829 | D:2      | Reached XP level 4. HP: 13/23 MP: 3/5
  1254 | D:4      | Reached skill level 5 in Axes
  1447 | D:4      | Reached XP level 5. HP: 15/27 MP: 5/7
  1514 | D:4      | Noticed magipi's ghost (average GrGl)
  1521 | D:4      | Killed magipi's ghost
  1686 | D:4      | Gained mutation: You heal very quickly. [vine stalker growth]
  1686 | D:4      | Reached XP level 6. HP: 32/32 MP: 8/8
  1690 | D:4      | Reached skill level 6 in Axes
  1862 | D:5      | Entered Level 5 of the Dungeon
  1932 | D:5      | Noticed a water moccasin
  1939 | D:5      | Killed a water moccasin
  1939 | D:5      | Reached skill level 7 in Axes
  1939 | D:5      | Reached XP level 7. HP: 35/35 MP: 9/9
  2001 | D:5      | Noticed Prince Ribbit
  2141 | D:5      | Noticed Edmund
  2150 | D:5      | Killed Edmund
  2150 | D:5      | Reached skill level 8 in Axes
  2169 | D:5      | Found an iron altar of Okawaru.
  2251 | D:5      | Gained mutation: You have razor-sharp teeth. [vine stalker growth]
  2251 | D:5      | Reached XP level 8. HP: 27/39 MP: 7/11
  2253 | D:5      | Acquired Trog's third power
  2359 | D:6      | Noticed magipi's ghost (average VSBe)
  2363 | D:6      | Killed magipi's ghost
  2378 | D:6      | Reached skill level 9 in Axes
  2411 | D:6      | Found a sand-covered staircase.
  2422 | Ossuary  | Entered an ossuary
  2598 | Ossuary  | Reached skill level 10 in Axes
  2740 | D:6      | Reached XP level 9. HP: 24/43 MP: 10/12
  2966 | D:6      | Reached skill level 11 in Axes
  3155 | D:6      | Noticed Ijyb
  3167 | D:6      | Killed Ijyb
  3279 | D:6      | Found a shadowy altar of Dithmenos.
  3567 | D:7      | Found a flagged portal.
  3583 | Bailey   | Entered a bailey
  3595 | Bailey   | Noticed magipi's ghost (experienced VSBe)
  3600 | Bailey   | Killed magipi's ghost
  3739 | Bailey   | Found a bloodstained altar of Trog.
  3912 | D:7      | Found an ancient bone altar of Kikubaaqudgha.
  4186 | D:8      | Reached XP level 10. HP: 38/50 MP: 13/13
  4550 | D:8      | Reached skill level 12 in Axes
  4614 | D:8      | Reached skill level 5 in Fighting
  4712 | D:8      | Received a gift from Trog
  4991 | D:8      | Found a staircase to the Lair.
  5014 | D:8      | Killed from afar by an electric eel

Action                   |  1- 3 |  4- 6 |  7- 9 | 10-12 || total
-------------------------+-------+-------+-------+-------++-------
Melee: Hand axe          |    84 |    27 |       |       ||   111
       War axe           |       |    40 |       |       ||    40
       Battleaxe         |       |    54 |   283 |   112 ||   449
Throw: Javelin           |       |       |       |     3 ||     3
       Tomahawk          |       |       |       |     3 ||     3
Invok: Berserk           |     4 |     2 |     8 |     5 ||    19
       Trog's Hand       |       |       |       |     1 ||     1
Evoke: Wand              |       |     1 |     1 |     6 ||     8
  Use: Scroll            |       |       |    22 |     3 ||    25
 Stab: Paralysed         |       |       |     3 |       ||     3
       Invisible         |       |       |       |     4 ||     4
  Eat: Chunk             |     1 |     6 |     3 |     2 ||    12
       Pizza             |     1 |       |       |       ||     1
       Bread ration      |       |       |     2 |       ||     2
       Beef jerky        |       |       |     3 |     1 ||     4
       Fruit             |       |       |       |     6 ||     6

Action                   |  1- 3 |  4- 6 |  7- 9 | 10-12 || total
-------------------------+-------+-------+-------+-------++-------
Melee: Hand axe          |    84 |    27 |       |       ||   111
       War axe           |       |    40 |       |       ||    40
       Battleaxe         |       |    54 |   283 |   112 ||   449
Throw: Javelin           |       |       |       |     3 ||     3
       Tomahawk          |       |       |       |     3 ||     3
Invok: Berserk           |     4 |     2 |     8 |     5 ||    19
       Trog's Hand       |       |       |       |     1 ||     1
Evoke: Wand              |       |     1 |     1 |     6 ||     8
  Use: Scroll            |       |       |    22 |     3 ||    25
 Stab: Paralysed         |       |       |     3 |       ||     3
       Invisible         |       |       |       |     4 ||     4
  Eat: Chunk             |     1 |     6 |     3 |     2 ||    12
       Pizza             |     1 |       |       |       ||     1
       Bread ration      |       |       |     2 |       ||     2
       Beef jerky        |       |       |     3 |     1 ||     4
       Fruit             |       |       |       |     6 ||     6

Action                   |  1- 3 |  4- 6 |  7- 9 | 10-12 || total
-------------------------+-------+-------+-------+-------++-------
Melee: Hand axe          |    84 |    27 |       |       ||   111
       War axe           |       |    40 |       |       ||    40
       Battleaxe         |       |    54 |   283 |   112 ||   449
Throw: Javelin           |       |       |       |     3 ||     3
       Tomahawk          |       |       |       |     3 ||     3
Invok: Berserk           |     4 |     2 |     8 |     5 ||    19
       Trog's Hand       |       |       |       |     1 ||     1
Evoke: Wand              |       |     1 |     1 |     6 ||     8
  Use: Scroll            |       |       |    22 |     3 ||    25
 Stab: Paralysed         |       |       |     3 |       ||     3
       Invisible         |       |       |       |     4 ||     4
  Eat: Chunk             |     1 |     6 |     3 |     2 ||    12
       Pizza             |     1 |       |       |       ||     1
       Bread ration      |       |       |     2 |       ||     2
       Beef jerky        |       |       |     3 |     1 ||     4
       Fruit             |       |       |       |     6 ||     6
